 Dungeon Crawl Stone Soup version 0.24.0-29-g8ce449bc06 (webtiles) character file.

Game seed: 7994432481982013478, levelgen mode: deterministic

65 FessEmpty the Skirmisher (level 4, 0/29 HPs)
             Began as a Gargoyle Berserker on Nov 16, 2019.
             Was a Believer of Trog.
             Slain by a goblin
             ... wielding a +0 club
              (3 damage)
             ... on level 3 of the Dungeon.
             The game lasted 00:03:09 (2212 turns).

FessEmpty the Skirmisher (Gargoyle Berserker)       Turns: 2212, Time: 00:03:10

Health: 0/29       AC:  5    Str: 21    XL:     4   Next: 14%
Magic:  4/4        EV: 12    Int:  8    God:    Trog [**....]
Gold:   161        SH:  0    Dex:  9    Spells: 3/3 levels left

rFire    . . .     SeeInvis .   a - +0 mace
rCold    . . .     Gourm    .   (no shield)
rNeg     + . .     Faith    .   b - +0 animal skin
rPois    ∞         Spirit   .   (no helmet)
rElec    +         Reflect  .   (no cloak)
rCorr    .         Harm     .   (no gloves)
MR       .....                  (no boots)
Stlth    +.........             (no amulet)
HPRegen  0.09/turn              (no ring)
MPRegen  0.09/turn              (no ring)

@: no status effects
A: negative energy resistance 1, electricity resistance, unbreathing,
petrification resistance, rot immunity, AC +3
a: Berserk, Trog's Hand, Renounce Religion


You were on level 3 of the Dungeon.
You worshipped Trog.
Trog was pleased with you.
You were hungry.

You visited 1 branch of the dungeon, and saw 3 of its levels.

You collected 161 gold pieces.

Inventory:

Hand Weapons
 a - a +0 mace (weapon)
Armour
 b - a +0 animal skin (worn)
Jewellery
 m - an uncursed ring of wizardry {unknown}
 r - a +2 ring of evasion {unknown}
Scrolls
 e - a scroll of random uselessness {unknown}
 f - 2 scrolls of fog {unknown}
 h - 3 scrolls of teleportation {unknown}
 k - a scroll of noise {unknown}
 l - a scroll of blinking {unknown}
 o - a scroll of identify {unknown}
Potions
 d - a potion of invisibility {unknown}
 g - 2 potions of haste {unknown}
 i - a potion of heal wounds {unknown}
 j - 3 potions of curing {unknown}
 n - a potion of lignification {unknown}
 p - a potion of mutation {unknown}
 q - a potion of berserk rage {unknown}
Comestibles
 c - 4 rations
 s - a chunk of flesh


   Skills:
 + Level 4.1 Fighting
 + Level 3.8 Maces & Flails
 + Level 2.4 Armour
 + Level 2.1 Dodging


You had 3 spell levels left.
You didn't know any spells.
Your spell library was empty.

Dungeon Overview and Level Annotations

Branches:
Dungeon (3/15)

Altars:
Ru


Innate Abilities, Weirdness & Mutations

You are resistant to torment.
Your stone body is resilient. (AC +3)
You are immune to poison.
You resist negative energy. (rN+)
You are resistant to electric shocks. (rElec)
You can survive without breathing.
You are immune to petrification.
You are immune to rotting.


Message History

The jackal barely misses you. The jackal bites you.
You hit the jackal.
You kill the jackal!
Trog accepts your kill. The jackal barely misses you. x2
The jackal bites you but does no damage.
The goblin closely misses you. The jackal barely misses you.
The jackal completely misses you.
The jackal bites you but does no damage.
You sock the jackal!
You kill the jackal!
Trog accepts your kill. The goblin completely misses you.
The jackal closely misses you.
The jackal bites you but does no damage.
The goblin completely misses you.
You completely miss the goblin. The jackal closely misses you.
The jackal misses you.
The jackal bites you but does no damage.
The jackal barely misses you. The goblin misses you.
You completely miss the goblin.
The jackal bites you but does no damage.
The jackal stops to sniff the ground.
The jackal bites you but does no damage.
The goblin hits you but does no damage. The jackal misses you.
The jackal closely misses you.
You closely miss the goblin. The jackal barely misses you. x2
The goblin hits you.
The jackal bites you but does no damage.
The jackal closely misses you.
You hit the goblin.
The goblin is moderately wounded.
The goblin closely misses you. The jackal closely misses you.
The jackal barely misses you. The goblin hits you but does no damage.
The jackal bites you.
You closely miss the goblin.
The goblin is moderately wounded.
The jackal barely misses you. The jackal closely misses you.
The jackal barely misses you. The goblin closely misses you.
You hit the goblin but do no damage.
The goblin is moderately wounded.
The jackal bites you. The jackal closely misses you. The goblin misses you.
The jackal closely misses you.
The jackal bites you but does no damage.
You closely miss the goblin.
The goblin is moderately wounded.
The jackal misses you.
The jackal bites you but does no damage.
The goblin barely misses you. The jackal closely misses you.
The jackal bites you.
You are too injured to fight recklessly!
You are too injured to fight recklessly!
You are too injured to fight recklessly!
You are too injured to fight recklessly!
You are too injured to fight recklessly!
You are too injured to fight recklessly!
You are too injured to fight recklessly!
You are too injured to fight recklessly!
You are too injured to fight recklessly!
You are too injured to fight recklessly!
You are too injured to fight recklessly!
You are too injured to fight recklessly!
You are too injured to fight recklessly!
You are too injured to fight recklessly!
You are too injured to fight recklessly!
You are too injured to fight recklessly!
A red film seems to cover your vision as you go berserk!
You feel yourself moving faster!
You feel mighty!
You are feeling hungry.
The goblin closely misses you. The jackal bites you.
The jackal bites you but does no damage.
You are too injured to fight recklessly!
You barely miss the jackal. The jackal barely misses you.
The goblin hits you but does no damage. The jackal barely misses you.
You sock the jackal!
You kill the jackal!
Trog accepts your kill. The jackal barely misses you.
The goblin hits you but does no damage.
You barely miss the jackal. The jackal barely misses you.
The goblin barely misses you.
You sock the jackal!
You kill the jackal!
Trog accepts your kill.
You sock the goblin!
You kill the goblin!
Trog accepts your kill.
Things that are here:
a +4 hunting sling; 9 stones; a goblin corpse You start resting.
You feel a strong urge to attack something.
You start resting.
You feel your anger nearly subside.
You are no longer berserk.
You are exhausted.
You feel yourself slow down.
You start resting.
You feel yourself speed up.
You start resting.
You are feeling very hungry.
You start resting.
You recover from your berserk rage.
You start resting.
HP restored.
You start waiting.
You are near starving!
You now have 161 gold pieces (gained 10).
h - 3 scrolls labeled JIG PYPLOATSI (gained 1)
Found a stone staircase leading down.
q - a viscous brown potion
c - 4 rations (gained 1)
There is a stone staircase leading down here.
A rat comes into view.
A rat is nearby!
A rat is nearby!
A rat is nearby!
The rat barely misses you.
You closely miss the rat. The rat closely misses you.
You barely miss the rat. The rat barely misses you.
The rat completely misses you.
You hit the rat.
You kill the rat!
Trog accepts your kill.
No target in view!
No target in view!
No target in view!
No target in view!
No target in view!
No target in view!
No target in view!
No target in view!
A frilled lizard comes into view.
The frilled lizard hisses angrily.
A frilled lizard is nearby!
A frilled lizard is nearby!
A frilled lizard is nearby!
The frilled lizard bites you.
You closely miss the frilled lizard. The frilled lizard misses you.
You hit the frilled lizard.
You kill the frilled lizard!
Trog accepts your kill.
No target in view!
No target in view!
No target in view!
No target in view!
No target in view!
No target in view!
No target in view!
You butcher the frilled lizard corpse.
r - a chunk of flesh You see here a frilled lizard skeleton.
HP restored.
You see here a frilled lizard skeleton.
Eating a chunk of flesh.
You eat the chunk of flesh.
This raw flesh tastes terrible.
You are feeling hungry.
r - a glowing garnet ring
Found a stone staircase leading down.
There is a stone staircase leading down here.
There is a stone staircase leading down here.
A rat comes into view.
A rat is nearby!
A rat is nearby!
A rat is nearby!
You sock the rat!
You kill the rat!
Trog accepts your kill.
No target in view!
No target in view!
No target in view!
No target in view!
No target in view!
No target in view!
No target in view!
No target in view!
You butcher the rat corpse.
s - a chunk of flesh You see here a rat skeleton.
A goblin comes into view.
It is wielding a +0 mace and carrying a wand of scattershot (6).
You see here a rat skeleton.
An adder, a jackal and a goblin come into view.
The adder hisses angrily.
The goblin shouts!
You hear a bark!
A jackal comes into view. x2; A hobgoblin comes into view.
A jackal comes into view.
The hobgoblin shouts!
The jackal barks! x2
The goblin hits you but does no damage.
Found a plate armour.
The goblin barely misses you. The adder bites you.
The goblin hits you with a +0 mace. The hobgoblin hits you.
The adder bites you but does no damage.
The goblin zaps a wand.
The burst of metal fragments hits you.
The burst of metal fragments misses you.
The burst of metal fragments hits you.
The burst of metal fragments hits you but does no damage. x2
The burst of metal fragments hits you! The burst of metal fragments hits you.
* * * LOW HITPOINT WARNING * * *
The burst of metal fragments hits you.
* * * LOW HITPOINT WARNING * * *
You hit the goblin.
The goblin is moderately wounded.
The hobgoblin closely misses you. The adder barely misses you.
The goblin hits you with a +0 club.
You die...

............#.
............[
............#
#####
............#
#...#
............#
#.###
.......hh...#
####.#
......gggh.#
#..>.# #...@Sh##
#.####
...........####.#
####.#####..÷...#
#. #####..# #.
##......# #.
###..###...# ##
#.##...## ###..#
...###.#..###
#.... #.......##
###.#


You could see an adder, 4 jackals, a hobgoblin and 2 goblins.

Vanquished Creatures
  A worm (D:2)
  3 dart slugs (D:1)
  5 leopard geckos
  2 giant cockroaches
  8 goblins
  7 hobgoblins
  4 jackals (D:3)
  5 bats
  3 frilled lizards
  3 kobolds
  8 rats
49 creatures vanquished.

Notes
Turn   | Place    | Note
-------+----------+-------------------------------------------
     0 | D:1      | FessEmpty the Gargoyle Berserker began the quest for the
                  | Orb.
     0 | D:1      | Reached XP level 1. HP: 14/14 MP: 1/1
    87 | D:1      | Reached XP level 2. HP: 11/19 MP: 2/2
   506 | D:1      | Reached XP level 3. HP: 10/24 MP: 3/3
  1096 | D:1      | Reached ** piety under Trog
  1403 | D:2      | Reached skill level 4 in Fighting
  1532 | D:2      | Found a sacrificial altar of Ru.
  1883 | D:3      | Reached XP level 4. HP: 25/29 MP: 4/4
  2212 | D:3      | Slain by a goblin

Levels and vault maps discovered:
D:1:      erik_arrival_triangle_medium, layout_loops_ring, moated_statue,
          minmay_cupped
D:2:      layout_loops_corners, nicolae_ru_awakened_eye
D:3:      layout_rooms, tso_altar, ashenzari_altar_1

Skill      XL: |  1  2  3 |
---------------+----------+-----
Dodging        | 2 |  2.1
Fighting       | 4 |  4.1
Maces & Flails | |  3.8
Armour         | |  2.4

Action                   |  1- 3 |  4- 6 || total
-------------------------+-------+-------++-------
Melee: Mace              |   122 |    23 ||   145
Invok: Berserk           |     1 |     1 ||     2
  Eat: Chunk             |     4 |     1 ||     5
Armor: Animal skin       |    64 |    27 ||    91
Dodge: Dodged            |    90 |    54 ||   144
